 Dungeon Crawl Stone Soup version 0.22.1-2-g9c5b331383 (webtiles) character file.

27 McIrco the Vexing (level 2, -2/19 HPs)
             Began as a Vampire Enchanter on Jan 5, 2019.
             Slain by a bullfrog (3 damage)
             ... on level 2 of the Dungeon.
             The game lasted 00:02:09 (3491 turns).

McIrco the Vexing (Vampire Enchanter)               Turns: 3491, Time: 00:02:09

Health: -2/19      AC:  3    Str:  7    XL:     2   Next: 93%
Magic:  2/5        EV: 13    Int: 17    God:
Gold:   90         SH:  0    Dex: 14    Spells: 2/5 levels left

rFire    . . .     SeeInvis +   a - +1 dagger
rCold    + + .     Gourm    .   (no shield)
rNeg     + + +     Faith    .   b - +0 robe
rPois    ∞         Spirit   .   (no helmet)
rElec    .         Reflect  .   (no cloak)
rCorr    .         Harm     .   f - +0 pair of gloves
MR       .....                  (no boots)
Stlth    +++++.....             (no amulet)
HPRegen  0.00/turn              (no ring)
MPRegen  0.09/turn              (no ring)

@: very slightly contaminated, bloodless, non-regenerating
A: fangs 3, see invisible, unbreathing
a: no special abilities


You were on level 2 of the Dungeon.
You were bloodless.

You visited 1 branch of the dungeon, and saw 2 of its levels.

You collected 90 gold pieces.

Inventory:

Hand Weapons
 a - a +1 dagger (weapon)
Armour
 b - a +0 robe (worn)
 f - a +0 pair of gloves (worn)
Jewellery
 k - an uncursed ring of flight {unknown}
Scrolls
 c - 2 scrolls of magic mapping {unknown}
 d - a scroll of fear {unknown}
 h - a scroll of noise {unknown}
 i - a scroll of random uselessness {unknown}
Potions
 e - a potion of heal wounds {unknown}
 g - 9 potions of blood
 j - a potion of degeneration {unknown}
 l - a potion of lignification {unknown}
 m - 2 potions of curing {unknown}


   Skills:
 + Level 1.1 Short Blades
 * Level 3.5 Dodging
 + Level 4.4 Stealth
 - Level 2.0 Spellcasting
 + Level 4.7 Hexes


You had 2 spell levels left.
You knew the following spells:

 Your Spells              Type           Power        Failure   Level  Hunger
a - Corona                Hex            ###....      2%          1    #......
b - Ensorcelled Hibernat  Hex/Ice        #.....       11%         2    ###....

Your spell library contained the following spells:

 Spells                   Type           Power        Failure   Level  Hunger
 Confuse                  Hex            ###.....     9%          3    ###....
 Tukima's Dance           Hex            ###.....     9%          3    ###....
 Dazzling Spray           Conj/Hex       #.....       22%         3    ###....


Dungeon Overview and Level Annotations

Branches:
Dungeon (2/15)

Altars:


Innate Abilities, Weirdness & Mutations

You do not heal naturally.
You are immune to poison.
You have razor-sharp teeth.
You have supernaturally acute eyesight. (SInv)
You can survive without breathing.


Message History

Press: ? - help, Shift-Dir - straight line, f/p - bullfrog
Aim: a bullfrog (lightly wounded)
Okay, then.
You hit the bullfrog.
The bullfrog is lightly wounded.
The bullfrog hits you. x2
* * * LOW HITPOINT WARNING * * *
You hit the bullfrog. You bite the bullfrog.
You draw the bullfrog's blood!
You feel better.
You feel slightly less thirsty.
The bullfrog is moderately wounded.
The bullfrog hits you but does no damage.
You hit the bullfrog.
The bullfrog is heavily wounded.
The bullfrog completely misses you. The bullfrog hits you.
* * * LOW HITPOINT WARNING * * *
You closely miss the bullfrog.
The bullfrog is heavily wounded.
The bullfrog misses you. The bullfrog hits you.
You die...

### .# .... ..#
....# ..#
.<...## ...#
#......#####
...#
#.......###...#
#...F@..##
###..#<..#
##.#.#.....# ..
#...# ###.....
# ##[.# ###.#
...####.# #...
#.......#####.#
#..###........#
##.♣P....#


You could see a bullfrog.

Vanquished Creatures
  An ooze (D:1)
  A worm (D:2)
  3 goblins
  2 hobgoblins
  4 bats
  A frilled lizard (D:1)
  6 kobolds (D:1)
  4 rats (D:1)
22 creatures vanquished.

Notes
Turn   | Place    | Note
-------+----------+-------------------------------------------
     0 | D:1      | McIrco the Vampire Enchanter began the quest for the Orb.
     0 | D:1      | Reached XP level 1. HP: 13/13 MP: 3/3
  2896 | D:1      | Reached XP level 2. HP: 14/19 MP: 5/5
  2900 | D:1      | Learned a level 2 spell: Ensorcelled Hibernation
  3477 | D:2      | Noticed a bullfrog
  3491 | D:2      | Slain by a bullfrog

Skill      XL: |  1 |
---------------+----+-----
Dodging        | 3 |  3.5
Short Blades   | |  1.1
Stealth        | |  4.4
Spellcasting   | |  2.0
Hexes          | |  4.7

Action                   || total
-------------------------++-------
Melee: Dagger            ||    62
       Bite              ||     4
 Cast: Ensorcelled Hiber ||     2
 Stab: Sleeping          ||    12
       Distracted        ||     1
  Eat: Corpse            ||     1
Armor: Robe              ||    19
Dodge: Dodged            ||    38
